AoeStats
← Look There ->

Arabia

510535676Analyzed
1v1 RM · 2d ago on Oct 1, 2026· 41m 4s· 2 players
Game mode
Random Map
Map size
Tiny (2 player)
Population
200
Speed
Normal
Resources
Standard
Victory
Conquest
Starting age
Dark Age
Ending age
Imperial Age
RankedLock teamsTeams togetherTeam positionsShared explorationLock speedFull tech treeHidden civsTurbo modeCheats
Victory
Defeat
🇮🇳 Inca · India
1615
+13
🇹🇼 Varangians · Taiwan
1554
-13
Look There ->
7:03 Loom
9:33 Feudal Age
12:03 Double-Bit Axe
11:59 Horse Collar
14:34 Fletching
16:22 Town Watch
22:39 Castle Age
21:45 Padded Archer Armor
22:44 Crossbowman
23:21 Bodkin Arrow
24:43 Bow Saw
25:47 Ballistics
32:39 Wheelbarrow
36:19 Imperial Age
36:12 Hand Cart
37:14 Bracer
36:35 Arbalester
37:21 Thumb Ring
38:38 Chemistry
Agameboy
6:15 Loom
9:17 Feudal Age
9:20 Man-at-Arms
10:19 Double-Bit Axe
15:04 Fletching
21:08 Castle Age
19:46 Forging
20:32 Bloodlines
20:08 Horse Collar
21:01 Scale Barding Armor
23:00 Husbandry
24:47 Chain Barding Armor
28:55 Bow Saw
29:58 Wheelbarrow
31:15 Gold Mining
31:38 Town Watch
33:05 Light Cavalry
35:19 Hand Cart
35:34 Heavy Plow
35:46 Stone Mining
39:17 Imperial Age
37:58 Iron Casting
38:04 Squires
38:10 Scale Mail Armor
39:42 Cavalier
41:01 Plate Barding Armor
42:07 Blast Furnace
Connection lost

Rejoining the realm…

Still unreachable

The connection could not be restored.

Session expired

The server has moved on; the page needs a fresh start.